AoeStats
← Hector

Black Forest

507532357Analyzed
3v3 RM · 13d ago on Sep 18, 2026· 30m 49s· 6 players
Game mode
Random Map
Map size
Normal (6 player)
Population
200
Speed
Normal
Resources
Standard
Victory
Conquest
Starting age
Dark Age
Ending age
Imperial Age
RankedLock teamsTeams togetherTeam positionsShared explorationLock speedFull tech treeHidden civsTurbo modeCheats
Victory
Defeat
🇲🇽 Cumans · Mexico
1508
+14
🇨🇴 Persians · Colombia
1455
+16
🇲🇽 Dravidians · Mexico
1411
+18
🇳🇱 Koreans · Netherlands
1489
-17
🇨🇳 Franks · China
1462
-16
🇦🇹 Ethiopians · Austria
1440
-15
[MLTS] RKotzen
0:48 Loom
14:09 Feudal Age
18:09 Castle Age
17:25 Double-Bit Axe
17:21 Horse Collar
18:47 Bow Saw
18:42 Heavy Plow
23:38 Wheelbarrow
22:53 Town Watch
25:23 Gold Mining
25:25 Stone Mining
25:34 Stone Mining
25:47 Fletching
27:02 Town Patrol
27:19 Hand Cart
29:56 Fervor
32:22 Imperial Age
31:53 Gold Shaft Mining
TaToHciego
0:26 Loom
11:24 Feudal Age
12:10 Double-Bit Axe
19:38 Fletching
26:33 Castle Age
26:30 Forging
26:21 Scale Mail Armor
26:37 Crossbowman
27:22 Thumb Ring
26:39 Pikeman
27:29 Bodkin Arrow
27:39 Town Watch
Mike
1:35 Loom
9:36 Feudal Age
10:05 Double-Bit Axe
20:43 Horse Collar
26:37 Castle Age
25:54 Bloodlines
25:55 Scale Barding Armor
26:22 Gold Mining
27:50 Chain Barding Armor
30:16 Wheelbarrow
29:27 Town Watch
31:26 Forging
Hector
1:58 Loom
12:51 Feudal Age
14:10 Double-Bit Axe
14:06 Horse Collar
16:31 Castle Age
MysticCloudZ
1:21 Loom
11:54 Feudal Age
12:57 Double-Bit Axe
12:52 Horse Collar
15:49 Castle Age
16:38 Heavy Plow
17:44 Stone Mining
21:42 Wheelbarrow
21:51 Town Watch
22:33 Bow Saw
24:02 Scale Mail Armor
24:23 Hand Cart
25:00 Squires
24:54 Fletching
25:13 Gold Mining
30:03 Imperial Age
28:23 Stone Shaft Mining
30:03 Thumb Ring
29:54 Bodkin Arrow
30:09 Treadmill Crane
Long-Long-Way
12:32 Feudal Age
16:19 Castle Age
16:20 Scale Barding Armor
16:40 Loom
Connection lost

Rejoining the realm…

Still unreachable

The connection could not be restored.

Session expired

The server has moved on; the page needs a fresh start.